Map: Frost LE

Players

llllllllllll

  • Race: Protoss Protoss
  • League: Silver

다크템플러 - Winner!

  • Race: Terran Terran
  • League: Diamond

VOD

Have the link to the VOD?

Description

Time

  • Played on: Aug. 11, 2016, 6:36 p.m.
  • Length: 21:50
Show
View Real Time Build Order
Export as new Build Order

llllllllllll Protoss 

Build Orders: 1 Gate Expand 

Get SALT Encoding   

  12  0:01  Probe (Chrono Boost)  
  13  0:12  Probe (Chrono Boost)  
  14  0:18  Pylon  
  14  0:27  Probe (Chrono Boost)  
  15  0:37  Probe (Chrono Boost)  
  15  0:39  Gateway  
  16  0:48  Probe (Chrono Boost)  
  17  0:53  Assimilator  
  17  0:58  Probe (Chrono Boost)  
  18  1:24  Nexus  
  18  1:29  Probe (Chrono Boost)  
  20  1:40  Probe (Chrono Boost)  
  20  1:49  Cybernetics Core  
  20  1:50  Probe (Chrono Boost)  
  21  2:01  Probe (Chrono Boost)  
  22  2:03  Assimilator  
  22  2:11  Probe (Chrono Boost)  
  22  2:13  Gateway  
  23  2:18  Warp Gate  
  23  2:24  Pylon  
  22  2:31  Probe (Chrono Boost)  
  23  2:39  Probe (Chrono Boost)  
  23  2:43  Adept  
  23  2:44  Probe (Chrono Boost)  
  25  2:50  Probe (Chrono Boost)  
  28  2:56  Probe (Chrono Boost)  
  28  2:58  Pylon  
  29  3:00  Probe (Chrono Boost)  
  30  3:08  Adept  
  32  3:22  Robotics Facility  
  32  3:24  Sentry  
  34  3:34  Sentry  
  34  3:41  Gateway  
  36  3:45  Gateway  
  36  3:55  Sentry  
  38  4:02  Probe (Chrono Boost)  
  41  4:05  Mothership Core (Chrono Boost)  
  41  4:13  Probe (Chrono Boost), Immortal  
  47  4:25  Probe (Chrono Boost)  
  47  4:30  Stalker  
  49  4:35  Probe (Chrono Boost)  
  49  4:37  Probe (Chrono Boost)  
  51  4:44  Pylon  
  51  4:45  Pylon  
  51  4:46  Pylon  
  51  4:47  Probe (Chrono Boost)  
  51  4:49  Probe (Chrono Boost)  
  54  5:00  Probe (Chrono Boost)  
  54  5:03  Stalker x3  
  54  5:04  Probe (Chrono Boost)  
  59  5:32  Stalker x2  
  59  5:33  Stalker x2  
  67  5:43  Warp Prism  
  69  6:07  Stalker x3  
  65  6:29  Stalker  
  61  6:43  Stalker  
  61  6:44  Stalker x2  
  61  6:58  Stalker  
  61  7:08  Probe x2 (Chrono Boost)  
  61  7:14  Adept x3  
  61  7:20  Probe x2 (Chrono Boost)  
  55  7:32  Probe x2 (Chrono Boost)  
  55  7:37  Adept x3  
  53  7:47  Stalker  
  51  8:01  Assimilator x2  
  45  8:07  Observer  
  45  8:09  Stargate  
  46  8:18  Forge  
  46  8:21  Forge  
  46  8:25  Stargate  
  45  8:40  Adept x2  
  45  8:41  Adept x2  
  53  8:50  Probe x2 (Chrono Boost)  
  51  8:57  Pylon  
  51  9:00  Pylon, Oracle  
  51  9:01  Pylon  
  51  9:02  Probe x2 (Chrono Boost)  
  52  9:03  Protoss Ground Weapons Level 1  
  52  9:14  Probe (Chrono Boost)  
  53  9:21  Pylon x2, Stalker x2  
  53  9:22  Stalker x2  
  53  9:23  Nexus  
  61  9:27  Pylon  
  61  9:32  Pylon  
  61  9:38  Void Ray  
  61  9:41  Photon Cannon  
  61  9:42  Photon Cannon  
  65  9:45  Pylon  
  65  9:50  Pylon  
  65  9:58  Photon Cannon  
  65  10:02  Photon Cannon  
  65  10:03  Photon Cannon  
  61  10:07  Pylon, Assimilator  
  61  10:10  Assimilator  
  59  10:18  Void Ray  
  63  10:21  Void Ray  
  63  10:25  Adept x2  
  65  10:54  Stalker  
  65  10:55  Stalker x2  
  71  11:01  Void Ray  
  75  11:04  Void Ray  
  77  11:38  Void Ray  
  77  11:44  Protoss Shields Level 1  
  81  11:47  Void Ray  
  85  11:58  Probe x2 (Chrono Boost)  
  85  11:59  Probe (Chrono Boost)  
  84  12:08  Probe (Chrono Boost)  
  84  12:09  Probe (Chrono Boost)  
  84  12:11  Probe (Chrono Boost)  
  83  12:15  Void Ray  
  88  12:23  Probe (Chrono Boost)  
  88  12:29  Void Ray  
  88  12:32  Stalker x2  
  95  12:47  Stalker x2  
  96  12:52  Probe (Chrono Boost)  
  96  12:53  Void Ray  
  96  12:54  Probe x2 (Chrono Boost)  
  102  13:23  Stalker x3  
  75  13:56  Stalker x3  
  81  14:05  Probe x2 (Chrono Boost)  
  81  14:06  Probe (Chrono Boost)  
  85  14:31  Probe (Chrono Boost)  
  85  14:32  Probe (Chrono Boost)  
  85  14:33  Probe (Chrono Boost)  
  85  14:35  Void Ray  
  91  14:42  Probe (Chrono Boost)  
  91  14:45  Probe (Chrono Boost)  
  56  15:48  Gateway x2  
  56  15:51  Assimilator, Gateway  
  56  15:55  Gateway  
  56  15:57  Gateway  
  56  16:01  Probe (Chrono Boost)  
  57  16:05  Nexus  
  57  16:09  Pylon  
  57  16:10  Protoss Ground Armor Level 1  
  57  16:13  Pylon x2, Probe (Chrono Boost)  
  57  16:18  Assimilator, Twilight Council  
  58  16:21  Assimilator  
  58  16:24  Pylon  
  58  16:25  Photon Cannon, Probe (Chrono Boost)  
  59  16:26  Pylon  
  59  16:28  Photon Cannon  
  59  16:31  Photon Cannon x2  
  59  16:33  Photon Cannon  
  59  16:37  Probe (Chrono Boost)  
  60  16:49  Probe (Chrono Boost)  
  60  16:54  Stalker x4  
  63  17:01  Blink  
  69  17:07  Stalker  
  71  17:08  Stalker  
  73  17:29  Probe (Chrono Boost)  
  76  17:30  Probe (Chrono Boost)  
  76  17:31  Probe (Chrono Boost)  
  76  17:40  Probe x2 (Chrono Boost)  
  76  17:43  Stalker x5, Probe (Chrono Boost)  
  85  18:10  Protoss Ground Weapons Level 2  
  85  18:12  Stalker x4  
  85  18:13  Stalker x2  
  79  18:48  Stalker  
  79  18:49  Stalker x4  
  79  18:50  Stalker x2  
  93  19:19  Stalker  
  93  19:20  Stalker x5  
  93  19:21  Stalker x3  
  111  19:28  Protoss Ground Armor Level 2  
  111  19:31  Charge  
  109  19:52  Zealot x3  
  111  19:53  Zealot x5  
  111  19:54  Zealot  
  101  20:49  Stalker x3  
  105  20:50  Stalker x3  
  105  20:51  Stalker  
  47  21:38  Stalker  
  47  21:39  Stalker x4  
  45  21:40  Stalker x4  
Show
View Real Time Build Order
Export as new Build Order

다크템플러 Terran - Winner!

Build Orders:  

Get SALT Encoding   

  12  0:01  SCV  
  13  0:13  SCV  
  14  0:22  Supply Depot  
  14  0:25  SCV  
  15  0:44  SCV  
  15  0:45  Barracks  
  16  0:56  SCV  
  17  1:08  SCV  
  18  1:20  Command Center  
  18  1:32  Orbital Command  
  18  1:35  Refinery  
  18  1:58  SCV  
  19  2:02  Marine  
  20  2:10  SCV  
  20  2:13  Supply Depot  
  21  2:20  Marine  
  21  2:22  SCV  
  23  2:32  Orbital Command  
  23  2:35  SCV, Engineering Bay  
  24  2:41  Marine, Factory  
  25  2:46  Refinery  
  25  2:47  SCV  
  26  2:59  Marine, SCV  
  26  3:01  SCV  
  29  3:05  Bunker  
  29  3:12  SCV  
  30  3:13  Missile Turret  
  30  3:15  SCV  
  30  3:18  Missile Turret  
  31  3:24  SCV  
  31  3:26  Starport  
  32  3:27  SCV  
  33  3:36  Supply Depot, SCV  
  33  3:39  SCV  
  35  3:43  Factory Reactor  
  35  3:48  SCV  
  36  3:51  SCV  
  37  3:58  Command Center  
  37  3:59  Supply Depot  
  37  4:00  SCV  
  38  4:03  Starport Tech Lab  
  38  4:04  Starport  
  38  4:07  SCV  
  39  4:10  Refinery  
  39  4:15  Refinery  
  39  4:21  SCV  
  40  4:24  Supply Depot  
  40  4:25  SCV  
  40  4:28  Factory Tech Lab, Hi-Sec Auto Tracking  
  41  4:35  SCV  
  41  4:38  SCV  
  43  4:47  SCV  
  43  4:50  SCV, Cyclone, Starport Tech Lab  
  49  4:54  Command Center  
  49  4:59  SCV  
  50  5:02  Supply Depot, SCV  
  51  5:07  Raven  
  51  5:13  SCV  
  54  5:15  Orbital Command  
  54  5:17  Refinery  
  50  5:31  Siege Tank  
  50  5:32  Banshee  
  52  5:37  Marine  
  52  5:40  Bunker  
  52  5:42  Bunker  
  47  5:54  Banshee, Cloaking Field  
  47  5:56  Marine  
  48  6:03  Siege Tank  
  51  6:06  Supply Depot  
  42  6:23  Banshee  
  41  6:26  Marine  
  42  6:36  Banshee  
  42  6:58  Siege Tank, Orbital Command  
  21  7:23  SCV  
  22  7:36  SCV  
  22  7:50  Banshee  
  20  8:02  Banshee  
  20  8:04  SCV  
  24  8:07  Refinery  
  24  8:15  SCV  
  24  8:16  SCV  
  26  8:20  SCV  
  26  8:25  SCV  
  28  8:28  SCV x2  
  28  8:33  Barracks  
  28  8:34  SCV  
  31  8:37  SCV  
  31  8:40  SCV  
  33  8:46  SCV  
  34  8:52  SCV  
  32  8:58  SCV  
  33  9:09  SCV  
  34  9:15  SCV  
  35  9:21  SCV  
  35  9:22  Siege Tank  
  39  9:27  SCV, Engineering Bay  
  39  9:29  Command Center  
  40  9:34  Marine  
  40  9:35  Marine, Raven  
  40  9:36  Explosive Shrapnel Shells  
  44  9:39  Orbital Command  
  44  9:40  SCV x2  
  47  9:45  SCV  
  47  9:52  SCV  
  48  9:53  Marine x2  
  48  9:54  Bunker  
  48  9:57  SCV  
  51  10:04  SCV  
  52  10:10  SCV  
  53  10:20  Missile Turret  
  53  10:22  SCV  
  53  10:23  SCV  
  53  10:25  Missile Turret  
  53  10:27  SCV  
  56  10:29  Missile Turret  
  56  10:35  SCV  
  51  10:44  Raven x2  
  51  10:45  Corvid Reactor  
  55  10:52  Supply Depot, Marine x2  
  55  10:53  Orbital Command  
  55  10:55  Missile Turret  
  57  10:58  SCV  
  57  11:01  Missile Turret x2  
  58  11:06  SCV  
  58  11:11  SCV, Refinery  
  60  11:14  Supply Depot  
  60  11:15  SCV  
  61  11:19  Building Armor  
  61  11:22  SCV  
  61  11:23  SCV  
  63  11:29  SCV  
  63  11:30  Starport  
  63  11:32  Refinery  
  64  11:34  SCV  
  64  11:35  SCV  
  64  11:38  SCV  
  64  11:39  SCV  
  68  11:41  Supply Depot, SCV  
  69  11:47  SCV  
  69  11:48  Command Center  
  69  11:50  SCV  
  69  11:51  SCV  
  72  11:56  SCV  
  72  11:59  SCV  
  72  12:00  SCV  
  75  12:02  SCV  
  75  12:03  SCV  
  75  12:08  SCV  
  78  12:11  SCV  
  78  12:14  SCV  
  81  12:15  SCV  
  81  12:20  SCV  
  82  12:23  SCV  
  82  12:27  Starport, Starport Tech Lab  
  82  12:28  Widow Mine  
  85  12:30  Raven  
  85  12:31  Raven  
  85  12:35  SCV x2  
  91  12:38  Missile Turret  
  91  12:45  Missile Turret  
  91  12:47  SCV x2  
  93  12:59  SCV  
  93  13:03  Orbital Command  
  94  13:06  Missile Turret  
  94  13:13  Raven  
  93  13:29  Missile Turret  
  90  13:55  Bunker  
  90  14:04  Refinery, Raven x3  
  90  14:05  Starport Tech Lab  
  90  14:06  Starport  
  96  14:12  Factory  
  96  14:18  Factory  
  96  14:26  SCV  
  96  14:29  SCV  
  98  14:31  Raven  
  98  14:33  Refinery  
  98  14:37  Armory  
  100  14:39  Supply Depot  
  100  14:41  Supply Depot  
  100  14:43  Siege Tank  
  100  14:44  Starport Tech Lab  
  103  14:46  Raven  
  103  14:47  Raven x2  
  103  14:49  Missile Turret  
  103  14:51  Missile Turret  
  109  14:57  Command Center  
  109  15:01  Factory Reactor  
  109  15:16  SCV  
  110  15:28  SCV  
  111  15:34  Raven x3  
  111  15:35  Raven  
  119  15:41  Supply Depot  
  119  15:42  Terran Vehicle And Ship Armor Level 1  
  119  15:49  SCV  
  120  15:51  Refinery  
  120  15:56  Command Center  
  120  15:58  Command Center  
  120  16:01  SCV  
  120  16:02  Command Center  
  121  16:07  Missile Turret  
  121  16:08  Raven  
  123  16:13  SCV  
  124  16:20  Hellion x5  
  134  16:36  Missile Turret  
  134  16:38  SCV  
  134  16:39  Command Center  
  135  16:43  Missile Turret  
  135  16:44  Refinery, Orbital Command  
  135  16:49  Raven x2  
  135  16:50  Raven x3  
  145  16:58  Starport  
  145  17:06  Missile Turret  
  145  17:22  Missile Turret, Refinery  
  145  17:27  Missile Turret  
  145  17:31  Refinery  
  145  17:35  SCV  
  146  17:37  SCV  
  146  17:39  Terran Vehicle And Ship Armor Level 2  
  146  17:43  Missile Turret, Starport Tech Lab  
  147  17:45  Missile Turret  
  147  17:47  Raven x5  
  147  17:48  SCV  
  147  17:49  SCV  
  147  17:50  Hellion x2  
  147  17:51  Hellion x2  
  167  17:53  Orbital Command  
  167  17:56  Missile Turret  
  165  18:06  Missile Turret  
  165  18:14  Infernal Pre-Igniter  
  165  18:26  Missile Turret  
  165  18:29  Raven  
  159  18:50  Hellion  
  159  18:51  Hellion x4  
  159  18:54  Factory  
  169  18:56  Orbital Command  
  169  18:57  Refinery  
  169  18:58  Orbital Command  
  169  19:03  Orbital Command  
  169  19:05  Refinery  
  169  19:06  Refinery  
  169  19:12  Hellion x4  
  177  19:19  Hellion  
  177  19:33  Hellion  
  177  19:34  Hellion  
  181  19:42  Factory Reactor  
  167  19:56  Hellion x4  
  167  19:57  Hellion  
  177  20:10  Refinery  
  177  20:17  Hellion  
  157  20:47  Hellion x5  
  167  21:08  Hellion  
Tags
 
Add a new tag
Caveats
  • Supply blocks, unpowered buildings, or Contaminate may cause inaccurate times.
  • Supply counts are checked every 10 seconds.